 Dungeon Crawl Stone Soup version 0.29-a0-334-gb41bcbb86e (webtiles) character file.

Game seed: 4471082589307826682

85228 Antichthon the Covert (level 15, -3/132 HPs)
             Began as a Naga Warper on Apr 13, 2022.
             Was the Champion of Cheibriados.
             Slain by Arachne
             ... wielding a staff of poison
              (14 damage)
             ... on level 2 of the Spider Nest.
             The game lasted 01:44:04 (24740 turns).

Antichthon the Covert (Naga Warper)                Turns: 24740, Time: 01:44:05

Health: -3/132     AC: 40    Str: 34    XL:     15   Next: 83%
Magic:  16/16      EV:  6    Int: 36    God:    Cheibriados [******]
Gold:   386        SH:  0    Dex: 36    Spells: 10/27 levels left

rFire   + . .      SeeInvis +   a - +7 broad axe (drain)
rCold   . . .      Faith    .   V - +5 tower shield {AC+3}
rNeg    + . .      Spirit   .   F - +2 fire dragon scales of Hehona {Harm Fly rF++ rC- MP-9 Stlth+}
rPois   +          Reflect  .   W - +2 helmet {SInv}
rElec   .          Harm     +   N - +2 cloak {rC+}
rCorr   +          Rampage  .   K - +2 pair of gloves of Complete Protection {Str+3}
Will    +....                   B - +4 barding {Fly}
Stlth   +++++.....              u - amulet "Muzaojit" {rF- Regen+ rCorr Int+4 Slay+5}
HPRegen 1.12/turn               S - +4 ring of protection
MPRegen 0.15/turn               y - ring "Larig" {rN+ rCorr Int+3 Dex+6}

@: about to teleport, wereblooded (expiring), flying, held, very slow
A: AC +5, large, see invisible, deformed body, poison resistance, slowness 2,
spit poison 1, naga tail 2
a: Spit Poison, Renounce Religion, Bend Time, Temporal Distortion, Slouch, Step
From Time


You were on level 2 of the Spider Nest.
You worshipped Cheibriados.
Cheibriados was exalted by your worship.
You visited 4 branches of the dungeon, and saw 21 of its levels.
You also visited: Bailey, Ice Cave and Volcano.

You collected 2706 gold pieces.
You spent 2320 gold pieces at shops.

Inventory:

Hand Weapons
 a - a +7 broad axe of draining (weapon)
 b - a +0 hunting sling
 G - the +12 dagger "Nuad" {flame, rElec rPois rC++ Stlth-}
   (You found it in a bailey)

   It burns those it strikes, dealing additional fire damage.
   rC:        It greatly protects you from cold.
   rElec:     It insulates you from electricity.
   rPois:     It protects you from poison.
   Stlth:     It makes you less stealthy.
 L - the +11 mace of the Lame Duck {pain, Int+2}
   (You found it on level 2 of the Dungeon)

   In the hands of one skilled in necromantic magic, it inflicts extra damage on
   living creatures.
   Int:       It affects your intelligence (+2).
Armour
 m - a +0 hat of willpower
 w - a scarf of repulsion
 B - a +4 barding of flying (worn)
 F - the +2 fire dragon scales of Hehona (worn) {Harm Fly rF++ rC- MP-9 Stlth+}
   (You found it in a bailey)

   rF:        It greatly protects you from fire.
   rC:        It makes you vulnerable to cold.
   MP:        It affects your magic capacity (-9).
   Fly:       It grants you flight.
   Harm:      It increases damage dealt and taken.
   Stlth:     It makes you more stealthy.
 K - the +2 pair of gloves of Complete Protection (worn) {Str+3}
   (You found it on level 1 of the Spider Nest)

   Str:       It affects your strength (+3).
 N - a +2 cloak of cold resistance (worn)
 V - a +5 tower shield of protection (worn)
 W - a +2 helmet of see invisible (worn)
Jewellery
 u - the amulet "Muzaojit" (around neck) {rF- Regen+ rCorr Int+4 Slay+5}
   (You acquired it on level 6 of the Dungeon)

   [amulet of regeneration]

   Int:       It affects your intelligence (+4).
   Slay:      It affects your accuracy & damage with ranged weapons and melee
   (+5).
   rF:        It makes you vulnerable to fire.
   Regen:     It increases your rate of health regeneration.
   rCorr:     It protects you from acid and corrosion.
 y - the ring "Larig" (right hand) {rN+ rCorr Int+3 Dex+6}
   (You acquired it on level 6 of the Lair of Beasts)

   [ring of dexterity]

   Int:       It affects your intelligence (+3).
   Dex:       It affects your dexterity (+6).
   rN:        It protects you from negative energy.
   rCorr:     It protects you from acid and corrosion.
 S - a +4 ring of protection (left hand)
Wands
 e - a wand of mindburst (23)
 s - a wand of charming (7)
 v - a wand of iceblast (3)
 E - a wand of flame (23)
 M - a wand of polymorph (8)
 Q - a wand of digging (5)
 T - a wand of paralysis (7)
Scrolls
 c - 5 scrolls of blinking
 h - 5 scrolls of vulnerability
 i - 7 scrolls of teleportation
 n - 4 scrolls of fear
 p - a scroll of torment
 r - 2 scrolls of holy word
 t - 3 scrolls of magic mapping
 x - 3 scrolls of amnesia
 H - 4 scrolls of immolation
 J - 4 scrolls of fog
 O - 2 scrolls of silence {unknown}
Potions
 d - 2 potions of resistance
 f - 4 potions of might
 g - 3 potions of curing
 j - a potion of invisibility
 k - 3 potions of brilliance
 l - 5 potions of flight
 o - 6 potions of heal wounds {unknown}
 q - 2 potions of haste
 z - 3 potions of attraction {unknown}
 A - 2 potions of berserk rage {unknown}
 C - 2 potions of magic
 D - 3 potions of mutation {unknown}
 I - 5 potions of lignification
 P - a potion of ambrosia {unknown}
 R - 2 potions of cancellation


   Skills:
 * Level 8.0 Fighting
 * Level 8.6 Axes
 * Level 6.8 Slings
 - Level 0.8(4.2) Throwing
 * Level 8.0 Armour
 * Level 7.0 Dodging
 * Level 10.9 Stealth
 * Level 10.6 Shields
 * Level 6.9 Spellcasting
 * Level 8.1 Translocations
 * Level 6.9 Transmutations
 * Level 7.1 Earth Magic
 * Level 7.6 Invocations


You had 10 spell levels left.
You knew the following spells:

 Your Spells              Type           Power      Damage    Failure   Level
a - Blink                 Tloc           100%       N/A       1%          2
b - Teleport Other        Tloc           63%        N/A       2%          3
c - Statue Form           Tmut/Erth      39%        N/A       91%         6
d - Wereblood             Tmut           58%        N/A       2%          2
e - Passage of Golubria   Tloc           63%        N/A       9%          4

Your spell library contained the following spells:

 Spells                   Type           Power      Damage    Failure   Level
 Beastly Appendage        Tmut           100%       N/A       1%          1
 Gell's Gravitas          Tloc           63%        N/A       2%          3
 Lesser Beckoning         Tloc           63%        N/A       2%          3
 Spider Form              Tmut/Pois      37%        N/A       19%         3
 Manifold Assault         Tloc           63%        N/A       24%         5
 Magic Dart               Conj           48%        1d5       26%         1
 Call Imp                 Summ           12%        N/A       36%         2
 Static Discharge         Conj/Air       12%        N/A       36%         2
 Blade Hands              Tmut           29%        N/A       36%         5
 Animate Armour           Summ/Erth      76%        N/A       50%         4
 Ice Form                 Ice/Tmut       37%        N/A       52%         4
 Frozen Ramparts          Ice            24%        1d4       58%         3
 Inner Flame              Hex/Fire       12%        N/A       58%         3
 Mephitic Cloud           Conj/Pois/Air  12%        N/A       58%         3
 Ozocubu's Armour         Ice            12%        N/A       58%         3
 Airstrike                Air            6%         N/A       94%         4
 Cause Fear               Hex            6%         N/A       94%         4
 Dispel Undead            Necr           12%        3d9       94%         4
 Sticky Flame             Conj/Fire      12%        2d4       94%         4
 Summon Ice Beast         Ice/Summ       12%        N/A       94%         4
 Summon Lightning Spire   Summ/Air       12%        N/A       94%         4
 Lightning Bolt           Conj/Air       6%         1d18      100%        5
 Silence                  Hex/Air        6%         N/A       100%        5
 Iron Shot                Conj/Erth      19%        9d4       100%        6
 Summon Cactus Giant      Summ           6%         N/A       100%        6
 Dragon Form              Tmut           29%        N/A       100%        7
 Ozocubu's Refrigeration  Ice            6%         4d6       100%        7
 Discord                  Hex            6%         N/A       100%        8
 Lehudib's Crystal Spear  Conj/Erth      19%        10d6      100%        8
 Necromutation            Tmut/Necr      18%        N/A       100%        8
 Dragon's Call            Summ           6%         N/A       100%        9


Dungeon Overview and Level Annotations

Branches:
Dungeon (11/15)            Temple (0/1) D:7            Lair (6/6) D:11
 Shoals (0/4) Lair:3       Spider (2/4) Lair:3        Slime (0/5) Lair:5
    Orc (2/2) D:11            Elf (0/3) Orc:2        Bailey (visited)
  IceCv (visited)         Volcano (visited)

Altars:
Ashenzari
Cheibriados
Dithmenos
Elyvilon
Gozag
Hepliaklqana
Kikubaaqudgha
Okawaru
Qazlal
Ru
Trog
Vehumet
Wu Jian
Yredelemnul
The Shining One
Beogh
Jiyva

Shops:
D:3 *   D:4 [   D:5 [   D:6 [   D:8 ?   D:9 [   Orc:2 :(![

Portals:
Trove: D:11 (give +2 gold dragon scales)

Annotations:
D:9 1 runed translucent door
Lair:6 3 runed translucent doors, Psyclone's ghost, journeyman OpIE
Spider:2 Arachne


Innate Abilities, Weirdness & Mutations

Your serpentine skin is tough. (AC +5)
You have supernaturally acute eyesight. (SInv)
Armour fits poorly on your strangely shaped body.
Your system is resistant to poisons. (rPois)
You cover ground very slowly.
You can spit poison.
You can use your snake-like lower body to constrict enemies.


Message History

* * * LOW HITPOINT WARNING * * *
Arachne envenoms you.
* * * LOW HITPOINT WARNING * * *
The jumping spider leaps!
The culicivora bites you but does no damage.
The culicivora closely misses you.
The jumping spider leaps!
Arachne hits you with a staff of poison!
* * * LOW HITPOINT WARNING * * *
Arachne envenoms you.
* * * LOW HITPOINT WARNING * * *
The tarantella touches you but does no damage.
The culicivora bites you.
* * * LOW HITPOINT WARNING * * *
The culicivora draws strength from your injuries!
The culicivora bites you but does no damage.
You feel better.
You howl as the wereblood boils in your veins!
You block the jumping spider's attack. x2
Arachne points her staff at you, shooting a stream of webbing.
The stream of webbing hits you but does no damage.
You are caught in a web!
The tarantella touches you but does no damage.
The jumping spider leaps!
The culicivora bites you but does no damage. x2
As you read the scroll of teleportation, it crumbles to dust.
You feel strangely unstable.
Your primal bloodlust is almost over.
The jumping spider pounces on you but does no damage.
The jumping spider bites you but does no damage.
Arachne hits you but does no damage. Arachne envenoms you.
* * * LOW HITPOINT WARNING * * *
The tarantella touches you but does no damage.
The culicivora bites you!
* * * LOW HITPOINT WARNING * * *
The culicivora draws strength from your injuries!
The culicivora bites you but does no damage.
The jumping spider barely misses you.
The jumping spider bites you but does no damage.
Arachne hits you with a staff of poison!
You die...

..#.#..........#.###...#
.........#...#...##....#
..#.....#.......#....##
......#........#....##
..........#○....###
#.##..........s#..##
#......#^.......#
.#.s#...H#s.....#
^......#@ss....#
##...#.#ss.....#
.............#
#....#...#...#
......#......#
........#....#
...^###.#....# [..#
.......# ## .......#


You could see Arachne, an orb spider, 2 culicivoras, 2 jumping spiders and a
tarantella.

Vanquished Creatures
  Jorgrun (Orc:1)
  Gastronok (Lair:3)
  A minotaur (Lair:4)
  Josephine (Orc:2)
  The ghost of Fiha the Thaumaturge, a journeyman VSTm of Dithmenos (Lair:4)
  The ghost of Chaicat the Carver, a journeyman MiBe of Trog (D:9)
  3 hydras
  2 ice dragons
  Erolcha (D:11)
  A boulder beetle (Spider:1)
  A centaur warrior (D:11)
  2 ogre magi (Orc:2)
  4 two-headed ogres
  A death yak (Lair:2)
  Nergalle (Lair:3)
  A fire crab (Volcano)
  3 pharaoh ants
  A steelbarb worm (Spider:1)
  A deep troll (Lair:3)
  2 orb spiders (Spider:1)
  A lindwurm (Volcano)
  2 wolf spiders (Spider:1)
  9 orc sorcerers
  2 moths of wrath
  2 merfolk sirens (Lair:3)
  Maurice (Orc:2)
  3 black mambas
  2 ice statues (IceCv)
  3 torpor snails
  15 cane toads
  4 rime drakes (IceCv)
  2 demonic crawlers (Spider:1)
  11 komodo dragons
  5 polar bears
  2 merfolk (Lair:3)
  7 hornets (Lair:6)
  5 trolls
  19 blink frogs
  6 tarantellas
  Prince Ribbit (D:8)
  9 dream sheep
  4 jumping spiders
  15 spriggans
  10 wraiths
  3 culicivoras (Spider:1)
  3 shadows
  3 basilisks
  6 fire bats
  62 yaks
  6 steam dragons
  5 wyverns
  17 redbacks
  6 vampire mosquitoes (D:9)
  3 wargs
  18 water moccasins
  A hell hound (Volcano)
  Duvessa (D:4)
  3 ice beasts
  A sky beast (D:5)
  3 black bears
  18 orc warriors
  10 ogres
  3 boggarts (Lair:6)
  78 wolves
  10 centaurs
  A kobold brigand (D:6)
  2 gnoll sergeants
  4 necrophages (D:6)
  3 scorpions
  18 bullfrogs
  A wyvern zombie (D:6)
  7 wights
  Dowan (D:4)
  4 lindwurm simulacra (IceCv)
  22 killer bees
  A bullfrog zombie (D:6)
  2 centaur zombies (D:6)
  A human zombie (D:6)
  A gnoll shaman (D:7)
  4 hounds
  A jelly (D:8)
  4 komodo dragon simulacra (IceCv)
  15 orc priests
  Crazy Yiuf (D:2)
  7 iguanas
  Ijyb (D:3)
  34 orc wizards
  Terence (D:2)
  2 mummies (D:6)
  Robin (D:1)
  13 adders
  17 gnolls
  7 acid dragon simulacra (IceCv)
  A shadow imp (D:6)
  2 white imps (D:7)
  2 ufetubi
  6 steam dragon simulacra (IceCv)
  4 worms
  2 dart slugs
  71 orcs
  62 bats
  12 endoplasms
  6 giant cockroaches
  21 goblins
  14 hobgoblins
  13 jackals
  6 quokkas
  2 ball pythons (D:3)
  4 frilled lizards
  7 kobolds
  5 rats
846 creatures vanquished.

Vanquished Creatures (others)
  A redback (Spider:1)
  An orc wizard (Orc:2)
  An orc (Orc:1)
  A bush (D:11)
  47 fungi
  74 plants
125 creatures vanquished.

Grand Total: 971 creatures vanquished

Notes
Turn   | Place    | Note
-------+----------+-------------------------------------------
     0 | D:1      | Antichthon the Naga Warper began the quest for the Orb.
     0 | D:1      | Reached XP level 1. HP: 19/19 MP: 3/3
   218 | D:1      | Reached XP level 2. HP: 24/26 MP: 5/5
   807 | D:1      | Reached XP level 3. HP: 24/32 MP: 6/6
   813 | D:1      | Learned a level 2 spell: Blink
   817 | D:1      | Learned a level 3 spell: Lesser Beckoning
   976 | D:2      | Reached skill level 1 in Armour
  1353 | D:2      | HP: 1/32 [iguana (4)]
  1355 | D:2      | Reached XP level 4. HP: 1/39 MP: 7/7
  1911 | D:2      | Noticed Robin
  2154 | D:1      | Killed Robin
  2155 | D:1      | Reached skill level 1 in Stealth
  2155 | D:1      | Reached skill level 1 in Earth Magic
  2155 | D:1      | Reached XP level 5. HP: 38/45 MP: 8/8
  2203 | D:2      | Reached skill level 1 in Slings
  2415 | D:2      | Found a snail-covered altar of Cheibriados.
  2426 | D:2      | Became a worshipper of Cheibriados the Contemplative
  2441 | D:2      | Noticed Terence
  2471 | D:2      | Identified the +4 mace of Lukkupacid {flame, rF+}
  2476 | D:2      | Found a runed translucent door.
  2477 | D:2      | Noticed Crazy Yiuf
  2680 | D:3      | Found Xaav's General Store.
  2688 | D:3      | Bought a scroll of identify for 24 gold pieces
  2688 | D:3      | Bought a potion of curing for 36 gold pieces
  2752 | D:3      | Reached skill level 1 in Shields
  2752 | D:3      | Reached skill level 1 in Invocations
  3179 | D:3      | Reached skill level 1 in Transmutations
  3199 | D:3      | Reached * piety under Cheibriados
  3547 | D:3      | Noticed Ijyb
  3563 | D:3      | Paralysed by Ijyb for 6 turns
  3573 | D:3      | Killed Ijyb
  3574 | D:3      | Reached XP level 6. HP: 45/54 MP: 9/9
  3695 | D:3      | Found a shadowy altar of Dithmenos.
  3921 | D:4      | Found Ugeih's Armour Shop.
  4082 | D:4      | Bought a +2 cloak for 198 gold pieces
  4105 | D:4      | Found a stormy altar of Qazlal.
  4145 | D:4      | Reached ** piety under Cheibriados
  4559 | D:4      | Found an ornate altar of the Wu Jian Council.
  4718 | D:4      | Noticed Duvessa
  4718 | D:4      | Noticed Dowan
  4789 | D:2      | Killed Terence
  4790 | D:2      | Reached XP level 7. HP: 47/61 MP: 10/10
  4978 | D:2      | Killed Crazy Yiuf
  4979 | D:2      | Identified the +11 mace of the Lame Duck {pain, Int+2}
  5204 | D:4      | Killed Duvessa
  5342 | D:4      | Killed Dowan
  5385 | D:5      | Entered Level 5 of the Dungeon
  5844 | D:5      | Reached XP level 8. HP: 54/69 MP: 12/12
  5998 | D:5      | Found a broken altar of Ashenzari.
  6186 | D:5      | Reached *** piety under Cheibriados
  6265 | D:5      | Identified a scroll of acquirement
  6657 | D:4      | Bought a +0 tower shield for 54 gold pieces
  6696 | D:6      | Found Qeevuiwito's Antique Armour Shop.
  7156 | D:6      | Noticed a yak
  7156 | D:6      | Noticed a yak
  7161 | D:6      | Noticed a yak
  7162 | D:6      | Noticed a yak
  7163 | D:6      | Noticed a yak
  7164 | D:6      | Noticed a yak
  7165 | D:6      | Killed a yak
  7172 | D:6      | Reached XP level 9. HP: 78/78 MP: 13/13
  7349 | D:6      | Reached **** piety under Cheibriados
  7430 | D:6      | Found a basalt altar of Yredelemnul.
  7610 | D:6      | Reached skill level 5 in Stealth
  7739 | D:6      | Reached XP level 10. HP: 34/87 MP: 15/15
  8172 | D:6      | Identified the +2 pair of boots of Ridah {rC+ rN+ Str-5
                  | Stlth+}
  8557 | D:6      | Reached skill level 5 in Axes
  8578 | D:6      | Acquired the amulet "Muzaojit" {rF- Regen+ rCorr Int+4
                  | Slay+5}
  8623 | D:7      | Found a flagged portal.
  8627 | D:7      | Identified the +3 spear "Noculod" {vorpal, +Blink Str+3}
  8630 | Bailey   | Entered a bailey
  8796 | Bailey   | Noticed a two-headed ogre
  8805 | Bailey   | Killed a two-headed ogre
  8805 | Bailey   | Reached ***** piety under Cheibriados
  8806 | Bailey   | Reached skill level 5 in Translocations
  8868 | Bailey   | Identified the +12 dagger "Nuad" {flame, rElec rPois rC++
                  | Stlth-}
  8874 | Bailey   | Identified the +2 fire dragon scales of Hehona {Harm Fly
                  | rF++ rC- MP-9 Stlth+}
  8984 | D:7      | Reached skill level 5 in Fighting
  9002 | D:7      | Acquired a +0 barding of flying
  9051 | D:7      | Found a staircase to the Ecumenical Temple.
  9118 | D:7      | Found a sacrificial altar of Ru.
  9454 | D:7      | Found an ancient bone altar of Kikubaaqudgha.
  9546 | D:8      | Found Nutuiq's Magic Scroll Boutique.
  9552 | D:8      | Bought a scroll of immolation for 42 gold pieces
  9552 | D:8      | Bought a scroll of identify for 24 gold pieces
  9552 | D:8      | Bought a scroll of identify for 24 gold pieces
  9654 | D:8      | Noticed Prince Ribbit
  9662 | D:8      | Killed Prince Ribbit
  9762 | D:8      | Noticed a two-headed ogre
  9772 | D:8      | Killed a two-headed ogre
  9773 | D:8      | Reached skill level 5 in Shields
  9773 | D:8      | Reached XP level 11. HP: 39/94 MP: 8/17
  9889 | D:8      | Found a white marble altar of Elyvilon.
  9927 | D:8      | Found a bloodstained altar of Trog.
 10340 | D:6      | Bought a pair of gloves for 121 gold pieces
 10454 | D:9      | Found a glowing golden altar of the Shining One.
 10477 | D:9      | Noticed an ice dragon
 10494 | D:9      | Found a transporter.
 10495 | D:9      | Noticed Chaicat's ghost (journeyman MiBe)
 10496 | D:9      | Noticed a moth of wrath
 10508 | D:9      | Found a transporter.
 10565 | D:9      | Reached ****** piety under Cheibriados
 10604 | D:9      | Noticed a two-headed ogre
 10612 | D:9      | Killed a two-headed ogre
 10624 | D:9      | Found a runed translucent door.
 10644 | D:9      | Found a snail-covered altar of Cheibriados.
 10666 | D:9      | Found a radiant altar of Vehumet.
 10693 | D:9      | Found a hazy altar of Hepliaklqana.
 10722 | D:9      | Found a stormy altar of Qazlal.
 10821 | D:9      | Noticed a flayed ghost
 10844 | D:9      | Found an iron altar of Okawaru.
 10884 | D:9      | Reached skill level 5 in Dodging
 10891 | D:9      | Found a stormy altar of Qazlal.
 11087 | D:9      | Found a snail-covered altar of Cheibriados.
 11138 | D:9      | Found an opulent altar of Gozag.
 11279 | D:9      | Found Neasm's Armour Shop.
 11441 | D:10     | Entered Level 10 of the Dungeon
 12289 | D:11     | Reached skill level 5 in Armour
 12367 | D:11     | Reached XP level 12. HP: 100/104 MP: 10/19
 12368 | D:11     | Found a staircase to the Orcish Mines.
 12557 | D:11     | Reached skill level 5 in Invocations
 12566 | D:11     | Found a staircase to the Lair.
 12566 | D:11     | Noticed Erolcha
 12751 | D:11     | Noticed a centaur warrior
 12759 | D:11     | Killed a centaur warrior
 12760 | D:11     | Reached skill level 5 in Spellcasting
 12766 | D:11     | Reached skill level 5 in Earth Magic
 12881 | D:11     | Killed Erolcha
 12999 | D:11     | Found a portal to a secret trove of treasure.
 13179 | Lair:1   | Entered Level 1 of the Lair of Beasts
 13501 | Lair:1   | Reached skill level 5 in Transmutations
 14059 | Lair:2   | Noticed a death yak
 14059 | Lair:2   | You are sucked into a shaft and drop 1 floor!
 14086 | Lair:3   | Reached skill level 5 in Slings
 14093 | Lair:3   | Gained mutation: You can use your snake-like lower body to
                  | constrict enemies. [Naga growth]
 14093 | Lair:3   | Reached XP level 13. HP: 84/112 MP: 12/21
 14597 | Lair:3   | Noticed Gastronok
 14618 | Lair:3   | Killed Gastronok
 14766 | Lair:3   | Noticed Nergalle
 14772 | Lair:3   | Killed Nergalle
 14934 | Lair:3   | Found a staircase to the Shoals.
 15637 | D:9      | Bought a +2 tower shield of protection for 322 gold pieces
 16291 | Lair:3   | Found a hole to the Spider Nest.
 16727 | Lair:4   | Reached XP level 14. HP: 123/123 MP: 13/22
 16768 | Lair:4   | Found a runed translucent gate.
 16768 | Lair:4   | Found a runed translucent gate.
 16768 | Lair:4   | Found a runed translucent gate.
 16798 | Lair:4   | Noticed Fiha's ghost (journeyman VSTm)
 17363 | Lair:5   | Found a staircase to the Slime Pits.
 17363 | Lair:5   | Found a viscous altar of Jiyva.
 17907 | Lair:6   | Entered Level 6 of the Lair of Beasts
 18586 | Lair:6   | Found a runed translucent gate.
 18587 | Lair:6   | Found a runed translucent gate.
 18588 | Lair:6   | Found a runed translucent gate.
 18588 | Lair:6   | Noticed Psyclone's ghost (journeyman OpIE)
 18682 | Lair:6   | Found a white marble altar of Elyvilon.
 18699 | Lair:6   | Learned a level 3 spell: Teleport Other
 18933 | Lair:6   | Acquired the ring "Larig" {rN+ rCorr Int+3 Dex+6}
 19204 | Lair:6   | Reached skill level 10 in Stealth
 19810 | D:3      | Bought a potion of magic for 96 gold pieces
 19810 | D:3      | Bought a potion of cancellation for 96 gold pieces
 19810 | D:3      | Bought a scroll of blinking for 90 gold pieces
 19810 | D:3      | Bought a scroll of teleportation for 36 gold pieces
 20019 | Orc:1    | Entered Level 1 of the Orcish Mines
 20106 | Orc:2    | Entered Level 2 of the Orcish Mines
 20106 | Orc:2    | Found a frozen archway.
 20113 | Orc:2    | Found a dark tunnel.
 20125 | Volcano  | Entered a volcano
 20353 | IceCv    | Entered an ice cave
 20705 | IceCv    | Reached XP level 15. HP: 53/130 MP: 24/24
 20709 | IceCv    | Reached skill level 10 in Shields
 21311 | Orc:1    | Noticed Jorgrun
 21318 | Orc:1    | Killed Jorgrun
 21899 | Orc:2    | Found a staircase to the Elven Halls.
 22020 | Orc:2    | Noticed Josephine
 22029 | Orc:2    | Killed Josephine
 22113 | Orc:2    | Found Amuotau's Book Shop.
 22135 | Orc:2    | Bought Ylytysme's Reference Book on Illusion and
                  | Transmutation for 690 gold pieces
 22142 | Orc:2    | Learned a level 6 spell: Statue Form
 22145 | Orc:2    | Learned a level 2 spell: Wereblood
 22150 | Orc:2    | Learned a level 4 spell: Passage of Golubria
 22200 | Orc:2    | Found an ancient bone altar of Kikubaaqudgha.
 22201 | Orc:2    | Noticed Maurice
 22211 | Orc:2    | Killed Maurice
 22219 | Orc:2    | Found Ellod's Distillery.
 22263 | Orc:2    | Bought 2 potions of lignification for 66 gold pieces
 22263 | Orc:2    | Bought a potion of degeneration for 11 gold pieces
 22264 | Orc:2    | Bought a potion of curing for 33 gold pieces
 22264 | Orc:2    | Bought a potion of curing for 33 gold pieces
 22267 | Orc:2    | Found a radiant altar of Vehumet.
 22279 | Orc:2    | Found Zifuul's Antique Armour Shop.
 22294 | Orc:2    | Found Qeibbau's Antique Weapon Boutique.
 22911 | D:6      | Bought an embroidered scarf for 216 gold pieces
 23215 | D:9      | Killed Chaicat's ghost
 23392 | D:8      | Bought a scroll of teleportation for 36 gold pieces
 23392 | D:8      | Bought a scroll of teleportation for 36 gold pieces
 23392 | D:8      | Bought a scroll of teleportation for 36 gold pieces
 23649 | Lair:4   | Killed Fiha's ghost
 23774 | Spider:1 | Entered Level 1 of the Spider Nest
 24462 | Spider:1 | Identified the +2 pair of gloves of Complete Protection
                  | {Str+3}
 24732 | Spider:2 | Noticed Arachne
 24740 | Spider:2 | Slain by Arachne

Illustrated notes

Levels and vault maps discovered:
D:1:      dpeg_arrival_tiny_k, layout_basic
D:2:      layout_loops_ring, basic_altar, serial_bayou_pond_c,
          chequers_serial_rivers_micro_d, uniq_robin, uniq_terence,
          uniq_crazy_yiuf_cottage
D:3:      cheibrodos_greedy_goblins, layout_basic, grunt_dithmenos_smoke,
          serial_shops, shop, kennysheep_generic_room_2, uniq_ijyb
D:4:      layout_loops_cross, mainiacjoe_overflow_six_doors_small,
          nicolae_wu_jian_immortal_techniques, serial_shops, shop_coins,
          uniq_duvessa
D:5:      layout_loops_ring, lemuel_doored_altar, minmay_between
D:6:      minmay_diamond_boxcup, layout_gridville,
          lemuel_mausoleum_altar_yredelemnul, serial_shops, shop
D:7:      layout_basic, mainiacjoe_overflow_paths, kennysheep_mini_moat,
          minmay_temple_entry_overgrown, enter_bailey_2
D:8:      layout_rooms, elyvilon_altar_1, marbit_many_paths, serial_shops, shop,
          uniq_prince_ribbit1
D:9:      due_megacathedral, layout_loops_ring, slow_altar_1,
          lemuel_coloured_pillars_altar, general_overflow_altar, serial_shops,
          shop, gammafunk_ghost_berserking_beasts
D:10:     layout_basic
D:11:     layout_long_grid, minmay_lair_entry_grove, david_orc_3,
          nicolae_trove_entry_columns, uniq_erolcha
Lair:1:   layout_roguey, serial_bayou_shore_b, grunt_megastairs_3,
          serial_bayou_shore_b, infiniplex_staircase_pool
Lair:2:   layout_regular_city
Lair:3:   dreamdust_cave_troll, layout_loops_ring, elwin_shoals_entry_stream,
          spider_nest_entry_funnel_web, lemuel_fruit_tree, lemuel_fruit_fields,
          uniq_nergalle, uniq_gastronok
Lair:4:   layout_cave_shapes, maelrawn_ghost_gauntlet_escape,
          serial_bayou_shore_a
Lair:5:   layout_regular_city, slime_altar_1, nicolae_quartered_pool_impasse
Lair:6:   minmay_lair_end_enchanted_forest, layout_hall_layers,
          ebering_ghost_rock_garden, basic_altar, minivault_19,
          grunt_forest_large_clearings
Spider:1: layout_cave_pods, nicolae_spider_checkerboard
Spider:2: layout_spider_delve, uniq_arachne
Orc:1:    layout_caves, uniq_jorgrun
Orc:2:    kennysheep_orc_mage_school, layout_caves,
          nicolae_volcano_entry_lava_flow, portal_ice_cave_entry_pillars_1,
          uniq_maurice, uniq_josephine

Skill      XL: |  1  2  3  4  5  6  7  8  9 10 11 12 13 14 15 |
---------------+----------------------------------------------+-----
Armour         | 1 2 3 4 5 6 7 8 |  8.0
Stealth        | 1 2 4 5 6 7 8 9 10 | 10.9
Earth Magic    | 1 2 3 4 5 6 7 |  7.1
Slings         | 1 2 3 4 5 6 |  6.8
Shields        | 1 2 3 5 6 7 8 9 10 | 10.6
Invocations    | 1 2 3 4 5 6 7 |  7.6
Transmutations | 1 2 3 4 5 6 |  6.9
Dodging        | 2 3 4 5 6 7 |  7.0
Axes           | 3 4 5 6 7 8 |  8.6
Fighting       | 3 4 5 6 7 8 |  8.0
Translocations | 4 5 6 7 8 |  8.1
Spellcasting   | 3 4 5 6 |  6.9
Throwing       | |  0.8

Action                   |  1- 3 |  4- 6 |  7- 9 | 10-12 | 13-15 || total
-------------------------+-------+-------+-------+-------+-------++-------
Melee: Hand axe          |    92 |   243 |     2 |       |       ||   337
       Punch             |       |     6 |       |       |       ||     6
       Mace              |       |       |   236 |   611 |   748 ||  1595
       Constrict         |       |       |       |       |   262 ||   262
       Broad axe         |       |       |       |       |    87 ||    87
 Fire: Hunting sling     |       |       |       |       |    10 ||    10
Throw: Boomerang         |       |       |       |       |     1 ||     1
 Cast: Wereblood         |       |       |       |       |     6 ||     6
 Abil: Spit Poison       |    12 |    35 |    31 |    15 |     4 ||    97
Evoke: Wand              |       |       |       |     3 |       ||     3
  Use: Scroll            |     2 |     4 |     3 |    15 |    21 ||    45
       Potion            |       |       |       |     2 |     3 ||     5
 Stab: Sleeping          |       |     2 |     4 |    11 |    15 ||    32
       Distracted        |       |       |       |     1 |     4 ||     5
Armor: Leather armour    |    43 |   110 |    95 |    15 |       ||   263
       Fire dragon scale |       |       |       |   518 |   766 ||  1284
       Plate armour      |       |       |       |       |    24 ||    24
       Steam dragon scal |       |       |       |       |    10 ||    10
Dodge: Dodged            |    68 |   142 |    95 |   260 |   497 ||  1062
Block: Other             |       |    42 |    16 |       |       ||    58
       Tower shield      |       |       |   231 |   976 |  1511 ||  2718
       Reflection        |       |       |     1 |       |       ||     1

Table legend: (Time is in decaauts)
 A = Elapsed time spent in this place.
 B = Non-inter-level travel time spent in this place.
 C = Inter-level travel time spent in this place.
 D = Time resting spent in this place.
 E = Time spent auto-exploring this place.
 F = Levels seen in this place.
 G = Mean time per level.
                   A        B        C        D        E       F      G
               +--------+--------+--------+--------+--------+-----+--------+
         Total |  50357 |  44356 |   6001 |   2967 |  27828 |  24 | 2098.2 |
       Dungeon |  26263 |  22262 |   4001 |   1953 |  13943 |  11 | 2387.5 |
          Lair |  15571 |  13968 |   1603 |    515 |   9844 |   6 | 2595.2 |
   Spider Nest |   2358 |   2123 |    235 |     34 |   1510 |   2 | 1179.0 |
  Orcish Mines |   3751 |   3591 |    160 |     19 |   2162 |   2 | 1875.5 |
        Bailey |    540 |    540 |      0 |    103 |      0 |   1 |  540.0 |
      Ice Cave |   1353 |   1353 |      0 |    343 |    169 |   1 | 1353.0 |
       Volcano |    517 |    517 |      0 |      0 |    198 |   1 |  517.0 |
               +--------+--------+--------+--------+--------+-----+--------+

Top non-repeatable levels by time:
     D:9: 3537 daAuts
  Lair:6: 3175 daAuts
     D:6: 2957 daAuts
  Lair:3: 2885 daAuts
    D:11: 2819 daAuts
  Lair:4: 2705 daAuts
   Orc:2: 2486 daAuts
  Lair:2: 2387 daAuts
     D:5: 2368 daAuts
  Lair:1: 2357 daAuts
     D:3: 2357 daAuts
     D:4: 2282 daAuts
     D:8: 2279 daAuts
    D:10: 2216 daAuts
Spider:1: 2141 daAuts
